 Dungeon Crawl Stone Soup version 0.19-a0-82-gd3566c2 (webtiles) character file.

2474 AlphabetPasta the Covert (level 9, -2/50 HPs)
             Began as a Gargoyle Assassin on May 14, 2016.
             Was a Follower of Dithmenos.
             Slain by a polar bear (17 damage)
             ... on level 8 of the Dungeon.
             The game lasted 00:31:48 (5914 turns).

AlphabetPasta the Covert (Gargoyle Assassin)        Turns: 5914, Time: 00:31:51

Health: -2/50      AC: 12    Str: 14    XL:     9   Next: 51%
Magic:  12/12      EV: 12    Int: 13    God:    Dithmenos [*.....]
Gold:   459        SH:  3    Dex: 14    Spells: 0 memorised, 8 levels left

rFire  + . .     SeeInvis .     c - +10 long sword "Hypaann" {drain, +Fly rPois}
rCold  . . .     Gourm    .     p - +0 robe {rF+}
rNeg   + . .     Faith    .     (no shield)
rPois  ∞         Spirit   .     x - +0 helmet
rElec  +         Dismiss  .     s - +1 cloak
rCorr  .         Reflect  +     F - +0 pair of gloves
SustAt +         Harm     .     C - +0 pair of boots (curse)
MR     .....                    G - +3 amulet of reflection
Stlth  +++++.....               (no ring)
                                i - ring of sustain attributes

@: wreathed by umbra, not resistant to hostile enchantments, quite stealthy
A: negative energy resistance 1, electricity resistance, unbreathing,
petrification resistance, rot immunity, AC +5
a: Renounce Religion, Evoke Flight


You were on level 8 of the Dungeon.
You worshipped Dithmenos.
Dithmenos was aware of your devotion.
You were not hungry.

You visited 2 branches of the dungeon, and saw 9 of its levels.

You collected 459 gold pieces.

Inventory:

Hand Weapons
 a - a +2 dagger of draining
 b - a +0 blowgun
 c - the +10 long sword "Hypaann" (weapon) {drain, +Fly rPois}
   (You found it on level 4 of the Dungeon)

   A truly terrible weapon, it drains the life of those it strikes.
   It protects you from poison.
   It lets you fly.
 k - a +0 mace
 A - a +0 flail
 D - a cursed -1 dagger
Missiles
 e - 12 poisoned needles
 f - 2 curare-tipped needles
 j - 5 javelins (quivered)
 B - a throwing net
Armour
 d - a +0 cloak
 p - a +0 robe of fire resistance (worn)
 q - a +1 cloak
 s - a +1 cloak (worn)
 x - a +0 helmet (worn)
 z - a +0 robe
 C - a cursed +0 pair of boots (worn)
 F - a +0 pair of gloves (worn)
Jewellery
 i - a ring of sustain attributes (left hand)
 G - a +3 amulet of reflection (around neck)
Wands
 o - a wand of paralysis (10/24)
 M - a wand of iceblast (2/15)
Scrolls
 n - 3 scrolls of teleportation
 v - 4 scrolls of enchant weapon
 y - 2 scrolls of remove curse
Potions
 h - 6 potions of curing
 l - 4 potions of agility
 m - 2 potions of might
 t - a potion of heal wounds
 u - a potion of brilliance
 E - 2 potions of ambrosia
 N - a potion of flight
 O - a potion of invisibility {unknown}
Comestibles
 g - 5 bread rations
 r - 7 fruits
 w - a slice of pizza
 I - 2 beef jerkies
 J - 9 chunks of flesh
 K - a meat ration


   Skills:
 - Level 3.1 Fighting
 * Level 7.4 Short Blades
 - Level 2.2 Maces & Flails
 - Level 1.7 Throwing
 - Level 1.8 Dodging
 * Level 10.2 Stealth
 + Level 4.4 Invocations


You had 8 spell levels left.
You didn't know any spells.

Dungeon Overview and Level Annotations

Branches:
Dungeon (8/15)             Temple (1/1) D:5
   Lair: D:8-11

Altars:
Ashenzari
Cheibriados
Dithmenos
Elyvilon
Fedhas
Gozag
Kikubaaqudgha
Makhleb
Nemelex Xobeh
Okawaru
Pakellas
Qazlal
Ru
Sif Muna
Trog
Vehumet
Xom
Yredelemnul
Zin
The Shining One
Beogh

Shops:
D:4 [


Innate Abilities, Weirdness & Mutations

You are resistant to torment.
Your stone body is resilient (AC +5).
You are immune to poison.
You resist negative energy.
You are resistant to electric shocks.
You can survive without breathing.
You are immune to petrification.
You are immune to rotting.


Message History

The polar bear barely misses you.
You barely miss the polar bear.
The polar bear is severely wounded.
The polar bear closely misses you. You block the polar bear's attack.
The polar bear barely misses you.
You hit the polar bear.
The polar bear is severely wounded.
The polar bear bites you. The polar bear claws you.
The polar bear barely misses you.
Some of the chunks of flesh in your inventory have rotted away.
You slash the polar bear!
The polar bear is almost dead.
The polar bear goes berserk!
You hit the polar bear but do no damage.
The polar bear is almost dead.
The polar bear bites you!
* * * LOW HITPOINT WARNING * * *
The polar bear claws you but does no damage. x2
The polar bear bites you!
You die...

####.#### #.###.#######
.. # #.# #.......# ..
#.###.#####.# .#
#.....#####.###..
########.......##
##.##.#.......
##...#.#..##.#.
##.######............#
#.....@hh......#.......
_...######..............
. #.(^≈≈≈.......#
#.#.≈≈≈≈≈.≈.###
#.#..≈≈≈≈≈..#
....≈≈≈≈≈≈...
......≈≈≈≈≈..##
#.......≈≈≈≈.. #.
..l...≈≈≈≈


You could see a polar bear (berserk) and a hound.

Vanquished Creatures
  A yak (D:8)
  2 hungry ghosts (D:7)
  2 orc warriors
  An ice beast (D:8)
  3 ogres
  2 centaurs
  5 giant frogs
  A wyvern skeleton (D:8)
  4 howler monkeys
  4 orc priests
  A wyvern simulacrum (D:8)
  2 hounds (D:7)
  4 iguanas
  A giant frog skeleton (D:4)
  Terence (D:3)
  2 orc wizards (D:4)
  5 worker ants
  A giant frog simulacrum (D:8)
  A howler monkey zombie (D:8)
  Robin (D:2)
  3 gnolls
  12 adders
  2 shadow imps
  A white imp (D:8)
  An ooze (D:5)
  An adder zombie (D:5)
  A worm (D:2)
  5 giant geckos
  13 orcs
  11 giant cockroaches
  21 goblins
  4 hobgoblins
  2 jackals (D:2)
  4 kobolds
  10 quokkas
  2 bats (D:2)
  A giant cockroach zombie (D:6)
  4 giant newts
  3 quokka skeletons
  7 rats
152 creatures vanquished.

Notes
Turn   | Place    | Note
--------------------------------------------------------------
     0 | D:1      | AlphabetPasta the Gargoyle Assassin began the quest for the Orb.
     0 | D:1      | Reached XP level 1. HP: 12/12 MP: 1/1
   165 | D:1      | Reached XP level 2. HP: 18/18 MP: 2/2
   399 | D:1      | Reached skill level 1 in Dodging
   648 | D:2      | Reached XP level 3. HP: 22/22 MP: 3/3
   915 | D:2      | Found an ancient bone altar of Kikubaaqudgha.
   948 | D:2      | Found a white marble altar of Elyvilon.
  1322 | D:3      | Noticed Robin
  1322 | D:3      | Noticed Terence
  1430 | D:3      | Reached skill level 5 in Stealth
  1430 | D:3      | Reached XP level 4. HP: 27/27 MP: 4/4
  1845 | D:2      | Killed Robin
  2019 | D:3      | Reached XP level 5. HP: 31/32 MP: 5/5
  2168 | D:3      | Killed Terence
  2397 | D:3      | Found a roughly hewn altar of Beogh.
  2665 | D:3      | Reached XP level 6. HP: 35/37 MP: 6/6
  2941 | D:4      | Got a bloodstained long sword
  3073 | D:4      | Reached skill level 1 in Maces & Flails
  3073 | D:4      | Reached skill level 6 in Stealth
  3353 | D:4      | Reached XP level 7. HP: 31/41 MP: 7/7
  3619 | D:4      | Found Kamojaep's Antique Armour Emporium.
  3713 | D:4      | Reached skill level 7 in Stealth
  3731 | D:4      | Found a glowing golden altar of the Shining One.
  3731 | D:4      | Found a blossoming altar of Fedhas.
  3734 | D:4      | Found a deep blue altar of Sif Muna.
  3829 | D:5      | Entered Level 5 of the Dungeon
  4016 | D:5      | Identified the +10 long sword "Hypaann" {drain, +Fly rPois} (You found it on level 4 of the Dungeon)
  4156 | D:5      | Found a stormy altar of Qazlal.
  4344 | D:5      | Reached skill level 5 in Short Blades
  4357 | D:5      | Found a staircase to the Ecumenical Temple.
  4371 | Temple   | Entered the Ecumenical Temple
  4470 | Temple   | Became a worshipper of Dithmenos the Shadowed
  4556 | D:6      | Found an opulent altar of Gozag.
  4868 | D:6      | Reached XP level 8. HP: 46/46 MP: 8/8
  4903 | D:6      | Reached skill level 8 in Stealth
  4903 | D:6      | Reached skill level 1 in Invocations
  5288 | D:7      | Reached skill level 9 in Stealth
  5417 | D:7      | Reached XP level 9. HP: 43/50 MP: 11/11
  5484 | D:7      | Found a shattered altar of Ashenzari.
  5574 | D:7      | Reached * piety under Dithmenos
  5696 | D:8      | Identified a scroll of acquirement
  5759 | D:8      | Reached skill level 10 in Stealth
  5897 | D:8      | Noticed a polar bear
  5905 | D:8      | Found a shattered altar of Ashenzari.
  5914 | D:8      | Slain by a polar bear

Vault maps used:
D:1:      ncdulo_watergridlock, minmay_fountain_box
D:2:      kiku_gazebo_pond_becter, lemuel_crystal_altar
D:3:      first_bread, kennysheep_orc_chapel, uniq_robin, uniq_terence
D:4:      wad_river_or_something, minitemple, serial_shops, kennysheep_mini
D:5:      nicolae_overflow_crystal_walls, minmay_temple_entry_fiery
D:6:      nicolae_gozag_seed_capital
D:7:      basic_altar
D:8:      lemuel_crystal_altar, dpeg_oklobed_lair, serial_ice, serial_ice_o,
          serial_ice_f, serial_ice_c, serial_ice_l, serial_ice_e, serial_ice_a
Temple:   jpeg_temple_clearing_12

Skill      XL: |  1  2  3  4  5  6  7  8  9 |
---------------+----------------------------+-----
Short Blades   | 2 3 4 5 6 7 |  7.4
Dodging        | 1 |  1.8
Stealth        | 5 6 7 9 10 | 10.2
Fighting       | 3 |  3.1
Maces & Flails | 1 2 |  2.2
Invocations    | 3 4 |  4.4
Throwing       | |  1.7

Action                   |  1- 3 |  4- 6 |  7- 9 || total
-------------------------+-------+-------+-------++-------
Melee: Dagger            |    98 |   242 |    70 ||   410
       Long sword        |       |       |   132 ||   132
 Fire: Blowgun           |       |    11 |       ||    11
Throw: Javelin           |       |       |     3 ||     3
  Use: Scroll            |       |    13 |     8 ||    21
       Potion            |       |     1 |     3 ||     4
 Stab: Sleeping          |     6 |     5 |    14 ||    25
       Distracted        |       |     2 |     2 ||     4
  Eat: Chunk             |     1 |     7 |     9 ||    17
       Bread ration      |       |       |     1 ||     1
Armor: Robe              |    28 |    56 |    87 ||   171
Dodge: Dodged            |    50 |   110 |   139 ||   299
Block: Other             |       |       |    22 ||    22
       Reflection        |       |       |     1 ||     1
